 Dungeon Crawl Stone Soup version 0.24.0-37-gcf1ca852f1 (webtiles) character file.

Game seed: 9974243489126972411, levelgen mode: deterministic

512 Descartes the Scratcher (level 6, -1/31 HPs)
             Began as a Felid Monk on Nov 23, 2019.
             Slain by a killer bee (10 damage)
             ... on level 6 of the Dungeon.
             The game lasted 00:12:45 (8878 turns).

Descartes the Scratcher (Felid Monk)                Turns: 8878, Time: 00:12:46

Health: -1/31      AC:  2    Str:  9    XL:     6   Next: 99%
Magic:  7/7        EV: 23    Int: 11    God:
Gold:   244        SH:  0    Dex: 17    Spells: 5/5 levels left
                                        Lives:  0   Deaths: 2

rFire    + . .     SeeInvis +     - Unarmed
rCold    . . .     Gourm    .   (shield unavailable)
rNeg     . . .     Faith    .   (armour unavailable)
rPois    .         Spirit   .   (helmet unavailable)
rElec    .         Reflect  .   (cloak unavailable)
rCorr    +         Harm     .   (gloves unavailable)
MR       .....     Clarity  +   (boots unavailable)
Stlth    ++++......             (no amulet)
HPRegen  0.10/turn              f - ring of resist corrosion
MPRegen  0.10/turn              (no ring)

@: quick
A: very small, no armour, no weapons or thrown items, stealth, claws 1, fangs 3,
see invisible, carnivore, clarity, clumsy 1, fire resistance 1, speed 1, shaggy
fur 2, slow metabolism 1, wild magic 1, sharp paws
a: no special abilities


You were on level 6 of the Dungeon.
You were not hungry.

You visited 1 branch of the dungeon, and saw 7 of its levels.

You collected 244 gold pieces.

Inventory:

Missiles
 d - 165 stones
 e - 80 arrows
Jewellery
 f - a ring of resist corrosion (left paw)
 t - an uncursed ring of flight {unknown}
Wands
 s - a wand of clouds (3)
Scrolls
 b - a scroll of blinking
 c - 2 scrolls of amnesia
 h - a scroll of fear
 m - 3 scrolls of teleportation
 o - 2 scrolls of immolation
 q - a scroll of magic mapping
Potions
 g - a potion of brilliance {unknown}
 i - a potion of agility
 j - 2 potions of heal wounds
 k - 2 potions of haste
 l - a potion of mutation
 n - 3 potions of curing
 p - a potion of resistance {unknown}
 r - 2 potions of might {unknown}
Comestibles
 a - 12 rations


   Skills:
 + Level 5.8 Fighting
 + Level 7.6 Dodging
 + Level 7.5 Stealth
 * Level 7.7 Unarmed Combat


You had 5 spell levels left.
You didn't know any spells.
Your spell library contained the following spells:

 Spells                   Type           Power        Failure   Level  Hunger
 Magic Dart               Conj           #...         43%         1    ##.....
 Blink                    Tloc           N/A          56%         2    ###....
 Call Imp                 Summ           #.......     56%         2    ###....
 Slow                     Hex            #.......     56%         2    ###....
 Conjure Flame            Conj/Fire      #.......     78%         3    ####...
 Mephitic Cloud           Conj/Pois/Air  #.......     78%         3    ####...


Dungeon Overview and Level Annotations

Branches:
Dungeon (7/15)
 Temple: D:4-7

Altars:
Dithmenos
Fedhas
Gozag
Nemelex Xobeh
Wu Jian
Yredelemnul

Annotations:
D:6 Duvessa


Innate Abilities, Weirdness & Mutations

You cannot wear armour.
You are incapable of wielding weapons or throwing items.
Your paws allow you to move quietly. (Stealth)
You have sharp claws.
You have razor-sharp teeth.
You have supernaturally acute eyesight. (SInv)
You are carnivorous and can eat meat at any time.
You cover ground quickly.
You are covered in thick fur. (AC +2)
You have a slow metabolism.
Your sharp claws are effective at attacking unaware monsters.
You possess an exceptional clarity of mind.
You are clumsy. (Dex -2)
Your flesh is heat resistant. (rF+)
Your spells are a little harder to cast, but a little more powerful.


Message History

The killer bee misses you. The killer bee closely misses you.
The killer bee barely misses you. The killer bee completely misses you.
The killer bee barely misses you. The killer bee stings you.
The killer bee completely misses you. The killer bee misses you.
The killer bee misses you. The killer bee barely misses you.
There is a stone staircase leading up here.
The killer bee misses you. x2; The killer bee closely misses you.
The killer bee completely misses you.
You climb upwards.
There is a stone staircase leading down here.
The killer bee misses you. The killer bee closely misses you.
The killer bee misses you. The killer bee stings you.
* * * LOW HITPOINT WARNING * * *
You climb downwards.
Level annotation: Duvessa
There is a stone staircase leading up here.
The killer bee stings you!
You die...

##..## ###..###...#.##
##.#######..####....##.##
#...##...### #.######.##
##......## ### ##.#
##.....## ##. ##......##
#### ## #.....#..####..#
# #..........#...## #
#........@y.....## #
#........y<......# #
##..........#...### #
...............## ####
...............#####..#
#..............)..##..#
###
..###................##
#.. .# #.......##.......#
##.. ##[
#..##...##.......###...


You could see 2 killer bees.

Vanquished Creatures
  An ice beast (D:5)
  A sky beast (D:5)
  A necrophage (D:6)
  3 ogres
  3 bullfrogs
  3 scorpions
  Dowan (D:6)
  A howler monkey (D:5)
  An electric eel (D:6)
  2 crimson imps (D:5)
  A jelly (D:6)
  2 bullfrog skeletons (D:5)
  5 hounds
  2 orc wizards
  6 worker ants
  A killer bee zombie (D:5)
  3 gnolls (D:3)
  5 adders
  2 oozes
  2 adder zombies (D:5)
  A worm (D:5)
  4 leopard geckos
  17 orcs
  5 bats
  12 giant cockroaches
  5 goblins
  9 hobgoblins
  11 jackals
  5 kobolds
  A quokka (D:6)
  3 ball pythons
  5 frilled lizards
  A quokka zombie (D:6)
  6 rats
131 creatures vanquished.

Notes
Turn   | Place    | Note
-------+----------+-------------------------------------------
     0 | D:1      | Descartes the Felid Monk began the quest for the Orb.
     0 | D:1      | Reached XP level 1. HP: 10/10 MP: 2/2
   161 | D:1      | Reached XP level 2. HP: 14/14 MP: 3/3
  1104 | D:2      | Reached XP level 3. HP: 12/17 MP: 4/4
  1789 | D:2      | Reached XP level 4. HP: 18/21 MP: 5/5
  2067 | D:3      | HP: 1/21 [orc/+0 club (3)]
  2782 | D:3      | Reached XP level 5. HP: 7/25 MP: 6/6
  3144 | D:3      | Reached skill level 5 in Dodging
  3946 | D:3      | Found a sparkling altar of Nemelex Xobeh.
  3949 | D:3      | Found a blossoming altar of Fedhas.
  4000 | D:3      | Found an opulent altar of Gozag.
  4000 | D:3      | Found an ornate altar of the Wu Jian Council.
  4001 | D:3      | Found a basalt altar of Yredelemnul.
  4002 | D:3      | Found a shadowy altar of Dithmenos.
  4223 | D:4      | Gained mutation: You are covered in thick fur. (AC +2)
                  | [Felid growth]
  4223 | D:4      | Reached XP level 6. HP: 28/28 MP: 7/7
  4266 | D:4      | Reached skill level 5 in Unarmed Combat
  4558 | D:4      | Reached skill level 5 in Stealth
  5399 | D:4      | Reached XP level 7. HP: 33/33 MP: 8/8
  5619 | D:5      | Entered Level 5 of the Dungeon
  6444 | D:5      | Reached skill level 5 in Fighting
  6871 | D:5      | Reached XP level 8. HP: 28/37 MP: 9/9
  8375 | D:6      | Gained mutation: Your spells are a little harder to cast,
                  | but a little more powerful. [potion of mutation]
  8375 | D:6      | Gained mutation: Your flesh is heat resistant. (rF+)
                  | [potion of mutation]
  8375 | D:6      | Gained mutation: You are clumsy. (Dex -2) [potion of
                  | mutation]
  8375 | D:6      | Gained mutation: You possess an exceptional clarity of
                  | mind. [potion of mutation]
  8536 | D:6      | Killed from afar by an electric eel
  8537 | D:6      | Reached XP level 7. HP: -10/33 MP: 8/8
  8695 | D:6      | Noticed Duvessa
  8695 | D:6      | Noticed Dowan
  8700 | D:6      | Killed Dowan
  8714 | D:6      | Mangled by Duvessa
  8715 | D:6      | Reached XP level 6. HP: -9/31 MP: 7/7
  8878 | D:6      | Slain by a killer bee

Levels and vault maps discovered:
D:1:      dpeg_arrival_water_temple_mockup, layout_basic
D:2:      layout_basic
D:3:      layout_basic, minitemple
D:4:      layout_cave_pools, first_ration
D:5:      minmay_bubble_buster, layout_basic
D:6:      layout_layer_cave, serial_bayou, serial_bayou_crossing,
          serial_bayou_ford_a, serial_bayou_pond_a, serial_bayou_pond_e,
          grunt_decor_cap, minmay_circle_x, uniq_duvessa
D:7:      layout_basic, minmay_temple_entry_drinking_statues, serial_shops,
          nicolae_shop_waterfront, nicolae_shop_waterfront,
          nicolae_shop_statue_plus

Skill      XL: |  1  2  3  4  5  6  7  8 |
---------------+-------------------------+-----
Stealth        | 3 4 5 6 7 |  7.5
Unarmed Combat | 4 5 6 7 |  7.7
Dodging        | 5 6 7 |  7.6
Fighting       | 4 5 |  5.8

Action                   |  1- 3 |  4- 6 |  7- 9 || total
-------------------------+-------+-------+-------++-------
Melee: Unarmed           |    95 |   193 |   207 ||   495
       Bite              |     6 |    18 |    16 ||    40
       Punch             |     1 |     2 |     5 ||     8
  Use: Scroll            |       |     9 |     5 ||    14
       Potion            |       |     1 |     2 ||     3
 Stab: Sleeping          |     9 |     8 |    11 ||    28
       Distracted        |     1 |       |     1 ||     2
  Eat: Chunk             |     9 |     7 |     8 ||    24
Armor: Skin              |     2 |     3 |     9 ||    14
Dodge: Dodged            |    77 |   202 |   150 ||   429
